 Dungeon Crawl Stone Soup version 0.22-a0-608-g8a62e23 (webtiles) character file.

821 gmonis the Basher (level 7, -1/57 HPs)
             Began as a Minotaur Berserker on July 9, 2018.
             Was a Priest of Trog.
             Shot with an arrow by a centaur (3 damage)
             ... on level 5 of the Dungeon.
             The game lasted 00:06:50 (5314 turns).

gmonis the Basher (Minotaur Berserker)              Turns: 5314, Time: 00:06:51

Health: -1/57      AC:  4    Str: 21    XL:     7   Next: 63%
Magic:  6/6        EV: 12    Int:  4    God:    Trog [***...]
Gold:   211        SH:  0    Dex: 12    Spells: 6/6 levels left

rFire    . . .     SeeInvis .   a - +0 mace
rCold    . . .     Gourm    .   (no shield)
rNeg     . . .     Faith    .   b - +0 animal skin
rPois    .         Spirit   .   p - +1 hat
rElec    .         Reflect  .   (no cloak)
rCorr    .         Harm     .   n - +0 pair of gloves
MR       .....                  (no boots)
Stlth    +.........             (no amulet)
HPRegen  0.19/turn              (no ring)
MPRegen  0.10/turn              (no ring)

@: berserk cooldown, slowed, very slow
A: retaliatory headbutt, horns 2
a: Berserk, Trog's Hand, Renounce Religion


You were on level 5 of the Dungeon.
You worshipped Trog.
Trog was most pleased with you.
You were not hungry.

You visited 1 branch of the dungeon, and saw 5 of its levels.

You collected 211 gold pieces.

Inventory:

Hand Weapons
 a - a +0 mace (weapon)
Missiles
 f - 72 stones (quivered)
Armour
 b - a +0 animal skin (worn)
 n - a +0 pair of gloves (worn)
 p - a +1 hat (worn)
Scrolls
 d - 6 scrolls of identify {unknown}
 e - 3 scrolls of remove curse {unknown}
 g - 2 scrolls of immolation {unknown}
 i - a scroll of enchant armour {unknown}
 l - a scroll of fog {unknown}
 m - a scroll of blinking {unknown}
 o - a scroll of enchant weapon {unknown}
 r - a scroll of magic mapping {unknown}
Potions
 h - a potion of curing {unknown}
 j - 2 potions of heal wounds {unknown}
 k - a potion of flight {unknown}
 q - a potion of mutation {unknown}
 s - a potion of lignification {unknown}
 t - a potion of brilliance {unknown}
Comestibles
 c - a ration


   Skills:
 - Level 3.6 Fighting
 + Level 10.8 Maces & Flails
 - Level 2.4 Armour
 - Level 2.1 Dodging


You had 6 spell levels left.
You didn't know any spells.
Your spell library was empty.

Dungeon Overview and Level Annotations

Branches:
Dungeon (5/15)
 Temple: D:4-7

Altars:
Cheibriados
Elyvilon
Fedhas
Gozag
Sif Muna

Annotations:
D:4 1 runed door


Innate Abilities, Weirdness & Mutations

You reflexively headbutt those who attack you in melee.
You have a pair of horns on your head.


Message History

The centaur shouts!
The centaur wields a shortbow.
The centaur shoots an arrow.
The arrow hits you!
The centaur shoots an arrow.
The arrow closely misses you.
You see here an arrow.
The centaur shoots an arrow.
The arrow misses you.
The centaur shoots an arrow.
The arrow hits you!
You see here an arrow.
The centaur shoots an arrow.
The arrow hits you.
The centaur shoots an arrow.
The arrow hits you.
* * * LOW HITPOINT WARNING * * *
The centaur shoots an arrow.
The arrow hits you!
* * * LOW HITPOINT WARNING * * *
You see here 3 arrows.
The centaur shoots an arrow.
The arrow hits you.
* * * LOW HITPOINT WARNING * * *
The centaur shoots an arrow.
The arrow completely misses you.
You see here an arrow.
Unknown command.
The centaur shoots an arrow.
The arrow hits you.
You die...

#.#. #.##... ##.#.##
##.....# #.
.....######......# #..
#..........(...# #..#
#.......(.....##..#
###.......(.#...#...#
#.>.).....(.((......##
.....###<.......(......#
...# #........@.......
.. ##..##..........#
#..#..##.c.....#
#....####......# #....
....... .#.... .......
#..... ....... .......


You could see a centaur.

Vanquished Creatures
  An ogre (D:4)
  A centaur (D:4)
  A scorpion (D:4)
  2 howler monkeys (D:4)
  2 orc priests
  2 hounds (D:4)
  A jelly (D:4)
  A bullfrog skeleton (D:4)
  An orc wizard (D:4)
  An iguana (D:3)
  Ijyb (D:5)
  Terence (D:3)
  3 worker ants (D:4)
  Robin (D:4)
  8 adders
  A shadow imp (D:5)
  2 oozes
  An adder skeleton (D:4)
  A worm (D:3)
  2 dart slugs (D:1)
  2 leopard geckos (D:3)
  2 orcs (D:3)
  A ball python (D:1)
  5 giant cockroaches
  15 goblins
  11 hobgoblins
  A quokka (D:2)
  8 bats
  4 frilled lizards
  3 kobolds (D:1)
  3 rats (D:1)
89 creatures vanquished.

Notes
Turn   | Place    | Note
-------+----------+-------------------------------------------
     0 | D:1      | gmonis the Minotaur Berserker began the quest for the Orb.
     0 | D:1      | Reached XP level 1. HP: 19/19 MP: 0/0
   174 | D:1      | Reached skill level 4 in Maces & Flails
   193 | D:1      | Reached XP level 2. HP: 24/26 MP: 1/1
   473 | D:1      | Reached ** piety under Trog
   473 | D:1      | Reached skill level 5 in Maces & Flails
   476 | D:1      | Reached XP level 3. HP: 25/31 MP: 2/2
  1090 | D:2      | Found a white marble altar of Elyvilon.
  1628 | D:2      | Found an opulent altar of Gozag.
  1640 | D:2      | Reached skill level 6 in Maces & Flails
  1640 | D:2      | Reached XP level 4. HP: 39/39 MP: 3/3
  2194 | D:3      | Found a snail-covered altar of Cheibriados.
  2486 | D:3      | Found a blossoming altar of Fedhas.
  2530 | D:3      | Noticed Terence
  2533 | D:3      | Killed Terence
  2533 | D:3      | Reached skill level 7 in Maces & Flails
  2533 | D:3      | Reached XP level 5. HP: 45/45 MP: 4/4
  3420 | D:4      | Noticed an ogre
  3423 | D:4      | Reached skill level 8 in Maces & Flails
  3423 | D:4      | Reached XP level 6. HP: 51/51 MP: 5/5
  3437 | D:4      | Noticed Robin
  3447 | D:3      | Reached skill level 9 in Maces & Flails
  3715 | D:4      | Reached XP level 7. HP: 22/57 MP: 6/6
  4028 | D:4      | Killed Robin
  4035 | D:4      | Reached *** piety under Trog
  4323 | D:4      | Found a deep blue altar of Sif Muna.
  4333 | D:4      | Reached skill level 10 in Maces & Flails
  5182 | D:4      | Found a runed door.
  5293 | D:5      | Entered Level 5 of the Dungeon
  5293 | D:5      | Noticed Ijyb
  5300 | D:5      | Killed Ijyb
  5313 | D:5      | HP: 1/57 [centaur/arrow (5)]
  5314 | D:5      | Shot with an arrow by a centaur

Vault maps used:
D:1:      lemuel_arrival_muddy
D:2:      old_standard_altar, elyvilon_altar_4, first_ration,
          hangedman_abyss_or_decor_lesser_grid
D:3:      lemuel_round_altar, old_standard_altar, uniq_terence
D:4:      lemuel_crystal_altar, st_stairs_12, uniq_robin,
          uniq_crazy_yiuf_cottage
D:5:      cheibrodos_fzero, kennysheep_mini,
          minmay_temple_entry_statues_fountains, nicolae_ossuary_entry_giza,
          uniq_ijyb, uniq_prince_ribbit1

Skill      XL: |  1  2  3  4  5  6  7 |
---------------+----------------------+-----
Maces & Flails | 4 5 6 7 8 9 10 | 10.8
Fighting       | |  3.6
Armour         | |  2.4
Dodging        | |  2.1

Action                   |  1- 3 |  4- 6 |  7- 9 || total
-------------------------+-------+-------+-------++-------
Melee: Mace              |    73 |    84 |    57 ||   214
       Headbutt          |     6 |    19 |    11 ||    36
Invok: Berserk           |       |     3 |     2 ||     5
 Stab: Sleeping          |     1 |       |     2 ||     3
  Eat: Chunk             |     2 |     6 |     4 ||    12
       Ration            |       |     1 |     1 ||     2
Armor: Animal skin       |    14 |    16 |    12 ||    42
Dodge: Dodged            |    66 |    62 |    26 ||   154

Table legend:
 A = Spawn XP
 B = Non-spawn XP
 C = Spawn XP percentage of total XP
 D = Spawn monster count
 E = Non-spawn monster count
 F = Spawn count percentage of total count
 G = Total turns spent on level
                    A         B        C        D         E        F      G
               +---------+---------+-------+---------+---------+-------+---------
         Total |       0 |    1174 |   0.0 |       0 |      89 |   0.0 |  5314
               +---------+---------+-------+---------+---------+-------+---------
           D:1 |       0 |      50 |   0.0 |       0 |      26 |   0.0 |   962
           D:2 |       0 |      52 |   0.0 |       0 |      10 |   0.0 |   987
           D:3 |       0 |     174 |   0.0 |       0 |      20 |   0.0 |  1805
           D:4 |       0 |     851 |   0.0 |       0 |      31 |   0.0 |  1539
           D:5 |       0 |      47 |   0.0 |       0 |       2 |   0.0 |    21
               +---------+---------+-------+---------+---------+-------+---------
